 Dungeon Sprint DCSS version bcrawl-1.27.1d (webtiles) character file.

Game seed: 4175518991247638024

16200000 Freyura the Axe Maniac (level 27, 234/323 HPs)
             Began as a Demonspawn Gladiator on July 26, 2020.
             Was the Champion of Makhleb.
             Got out of the dungeon alive.
             The game lasted 00:15:46 (162 turns).

Freyura the Axe Maniac (Demonspawn Gladiator)        Turns: 162, Time: 00:15:47

Health: 234/323    AC:  6    Str: 20    XL:     27
Magic:  54/54      EV: 34    Int: 12    God:    Makhleb [******]
Gold:   0          SH:  0    Dex: 20    Spells: 80/80 levels left

rFire    . . .     SeeInvis +   l - +โˆž Axe of Woe
rCold    . . .     Gourm    .   (shield currently unavailable)
rNeg     . . .     Faith    .   b - +0 leather armour
rPois    .         Spirit   .   (helmet unavailable)
rElec    .         Reflect  .   (no cloak)
rCorr    .         Harm     .   (gloves unavailable)
MR       ++...     NoTele   +   (boots unavailable)
Stlth    ++++++++++             (no amulet)
HPRegen  0.63/turn              m - +30 ring of slaying
MPRegen  0.34/turn              n - +30 ring of slaying

@: slowed, very slow
A: antennae 3, claws 3, hooves 3, demonic guardian 3, nightstalker 3, robust 3,
augmentation 3
a: Minor Destruction, Lesser Servant of Makhleb, Major Destruction, Greater
Servant of Makhleb, Renounce Religion


You escaped.
You worshipped Makhleb.
Makhleb was exalted by your worship.
You were not hungry.

You visited 1 branch

Inventory:

Hand Weapons
 a - a +0 war axe
 l - the +โˆž Axe of Woe (weapon)
   (You found it in the Dungeon)
Missiles
 d - 3 throwing nets {=f}
Armour
 b - a +0 leather armour (worn)
 c - a +0 helmet
Jewellery
 m - a +30 ring of slaying (left claw)
 n - a +30 ring of slaying (right claw)
Scrolls
 k - a scroll of blinking
Potions
 f - a potion of curing
 h - a potion of haste
 i - 2 potions of magic
 j - a potion of berserk rage
Comestibles
 e - a ration {!d}


   Skills:
 O Level 27 Fighting
 O Level 27 Axes
 O Level 27 Throwing
 O Level 27 Armour
 O Level 27 Dodging
 O Level 27 Stealth
 O Level 27 Unarmed Combat
 O Level 27 Spellcasting
 O Level 27 Invocations


You had 80 spell levels left.
You didn't know any spells.
Your spell library was empty.

Dungeon Overview and Level Annotations

Branches:
Dungeon (1/1)

Altars:
Makhleb


Innate Abilities, Weirdness & Mutations

You have a pair of large antennae on your head. (SInv)
You have claws for hands.
You have hooves in place of feet.
A powerful demonic guardian rushes to your aid.
You are completely attuned to the shadows.
You are extremely robust. (+30% HP)
Your magical and physical power is greatly enhanced at high health.


Message History

Makhleb accepts your kill. notify_dgn_event: Lua error: [string "global_prelude"]:208: Unknown spell name: 'hurl damnation' in 'symbol_of_torment.34.natural;hurl_damnation.33.natural;call_down_damnation.33. natural' You hear a shout! x4
A bag of meat comes into view. It is wielding a +9 war axe.
You hear a loud, deep croak!
You hear a shout! x3
Are you sure you want to leave the Dungeon?
This will make you lose the game! notify_dgn_event: Lua error: [string "global_prelude"]:208: Unknown spell name: 'hurl damnation' in 'symbol_of_torment.34.natural;hurl_damnation.33.natural;call_down_damnation.33. natural' You hear a shout! x9
The destroyer blinks!
You hear a shout! x3
The tyrant closely misses your lorocyproca.
You hear a shout!
The destroyer hits you with a +9 great sword of slicing!!!!
The destroyer bites you.
The destroyer draws strength from your injuries!
You hear a shout!
The tyrant gestures wildly while chanting.
The tyrant seems to speed up.
The bag of meat shouts!
You hear a shout! x2
You have escaped!

{ .. ....{{{
#.......# {
#.....ยง.#{{ .
.###.%.....###..
{{....o###....{..
{...)%%_%.).....
{...#)V)))#..
{...#_)@)_#
{{..{#2X)))# X
{{...L%X_..L...
{{{{M..###.%...{
{###.. ..%###.. {
{#.. ..%# { { {#.
{{..# .{ ..... {
{


You could see an accursed, 2 tyrants, a destroyer, 2 large abominations, a bag
of meat and a friendly lorocyproca (invisible).

Vanquished Creatures
  3 hell knights (D)
  3 hell beasts (D)
  7 greater mummies (D)
  7 great orbs of eyes (D)
  21 vampire knights (D)
  27 ogres (D)
  6 two-headed ogres (D)
  3 liches (D)
  4 hydras (D)
  42 orcs (D)
  4 phantoms (D)
  4 skeletal warriors (D)
  5 large abominations (D)
  5 small abominations (D)
  7 crawling corpses (D)
148 creatures vanquished.

Vanquished Creatures (others)
  A crawling corpse (D)
1 creature vanquished.

Grand Total: 149 creatures vanquished

Notes
Turn   | Place    | Note
-------+----------+-------------------------------------------
     0 | D        | Found the +โˆž Axe of Woe
     0 | D        | Freyura the Demonspawn Gladiator began the quest for the
                  | Orb.
     0 | D        | Reached XP level 1. HP: 16/16 MP: 1/1
     2 | D        | Noticed a bag of meat
     2 | D        | Noticed a bag of meat
     3 | D        | Noticed a bag of meat
     3 | D        | Noticed a bag of meat
     4 | D        | Noticed a meat berserker
     4 | D        | Became a worshipper of Makhleb the Destroyer
     5 | D        | Noticed a bag of meat
     6 | D        | Killed a bag of meat
     6 | D        | Gained mutation: A weak demonic guardian rushes to your
                  | aid. [demonic ancestry]
     6 | D        | Reached XP level 2. HP: 40/40 MP: 2/2
     6 | D        | Gained mutation: You have large cloven feet. [demonic
                  | ancestry]
     6 | D        | Reached XP level 3. HP: 46/46 MP: 3/3
     6 | D        | Gained mutation: You have hoof-like feet. [demonic
                  | ancestry]
     6 | D        | Reached XP level 4. HP: 53/53 MP: 4/4
     6 | D        | Gained mutation: You are slightly more attuned to the
                  | shadows. [demonic ancestry]
     6 | D        | Reached XP level 5. HP: 59/59 MP: 5/5
     6 | D        | Reached XP level 6. HP: 66/66 MP: 6/6
     6 | D        | Gained mutation: You have sharp fingernails. [demonic
                  | ancestry]
     6 | D        | Reached XP level 7. HP: 72/72 MP: 7/7
     6 | D        | Gained mutation: You have a pair of small antennae on your
                  | head. [demonic ancestry]
     6 | D        | Reached XP level 8. HP: 79/79 MP: 8/8
     6 | D        | Gained mutation: You have a pair of antennae on your head.
                  | [demonic ancestry]
     6 | D        | Reached XP level 9. HP: 85/85 MP: 9/9
     6 | D        | Gained mutation: You have hooves in place of feet. [demonic
                  | ancestry]
     6 | D        | Reached XP level 10. HP: 92/92 MP: 10/10
     6 | D        | Gained mutation: You have very sharp fingernails. [demonic
                  | ancestry]
     6 | D        | Reached XP level 11. HP: 98/98 MP: 11/11
     7 | D        | Killed a bag of meat
     7 | D        | Reached * piety under Makhleb
     7 | D        | Reached skill level 15 in Fighting
     7 | D        | Gained mutation: You are robust. (+10% HP) [demonic
                  | ancestry]
     7 | D        | Reached XP level 12. HP: 102/121 MP: 12/12
     7 | D        | Killed a meat berserker
     7 | D        | Gained mutation: You are very robust. (+20% HP) [demonic
                  | ancestry]
     7 | D        | Reached XP level 13. HP: 107/146 MP: 13/13
     7 | D        | Reached XP level 14. HP: 113/154 MP: 14/14
     8 | D        | Killed a bag of meat
    10 | D        | Killed a bag of meat
    10 | D        | Reached ** piety under Makhleb
    10 | D        | Gained mutation: Your magical and physical power is
                  | slightly enhanced at high health. [demonic ancestry]
    10 | D        | Reached XP level 15. HP: 123/166 MP: 15/15
    10 | D        | Noticed a meat berserker
    11 | D        | Noticed a meat berserker
    15 | D        | Killed a meat berserker
    15 | D        | Gained mutation: You have claws for hands. [demonic
                  | ancestry]
    15 | D        | Reached XP level 16. HP: 182/182 MP: 16/16
    16 | D        | Killed a meat berserker
    16 | D        | Reached *** piety under Makhleb
    16 | D        | Reached skill level 27 in Axes
    17 | D        | Gained mutation: Your magical and physical power is
                  | enhanced at high health. [demonic ancestry]
    17 | D        | Reached XP level 17. HP: 199/199 MP: 17/17
    18 | D        | Noticed a large bag of meat
    19 | D        | Reached **** piety under Makhleb
    20 | D        | Noticed a meat berserker
    21 | D        | Reached skill level 27 in Fighting
    21 | D        | Gained mutation: You have a pair of large antennae on your
                  | head. (SInv) [demonic ancestry]
    21 | D        | Reached XP level 18. HP: 218/218 MP: 18/18
    22 | D        | Noticed a meat berserker
    22 | D        | Noticed a large bag of meat
    23 | D        | Noticed a large bag of meat
    23 | D        | Noticed a large bag of meat
    24 | D        | Killed a meat berserker
    24 | D        | Reached skill level 27 in Armour
    24 | D        | Reached skill level 27 in Dodging
    24 | D        | Reached skill level 10 in Invocations
    24 | D        | Reached ***** piety under Makhleb
    25 | D        | Noticed a destroyer
    25 | D        | Gained mutation: You are significantly more attuned to the
                  | shadows. [demonic ancestry]
    25 | D        | Reached XP level 19. HP: 226/226 MP: 18/36
    25 | D        | Noticed a large bag of meat
    26 | D        | Killed a large bag of meat
    26 | D        | Killed a large bag of meat
    26 | D        | Killed a large bag of meat
    26 | D        | Reached skill level 27 in Invocations
    26 | D        | Gained mutation: Your magical and physical power is greatly
                  | enhanced at high health. [demonic ancestry]
    26 | D        | Reached XP level 20. HP: 236/236 MP: 18/45
    26 | D        | Killed a meat berserker
    26 | D        | Noticed a meat berserker
    27 | D        | Reached ****** piety under Makhleb
    27 | D        | Reached skill level 27 in Stealth
    28 | D        | Reached skill level 27 in Spellcasting
    28 | D        | Reached skill level 5 in Unarmed Combat
    30 | D        | Killed a destroyer
    30 | D        | Gained mutation: You are completely attuned to the shadows.
                  | [demonic ancestry]
    30 | D        | Reached XP level 21. HP: 244/244 MP: 19/52
    30 | D        | Noticed a destroyer
    31 | D        | Killed a large bag of meat
    32 | D        | Killed a large bag of meat
    32 | D        | Reached XP level 22. HP: 254/254 MP: 19/53
    32 | D        | Noticed a destroyer
    34 | D        | Killed a destroyer
    34 | D        | Reached skill level 27 in Throwing
    34 | D        | Reached skill level 27 in Unarmed Combat
    37 | D        | Noticed a destroyer
    38 | D        | Killed a destroyer
    38 | D        | Gained mutation: A demonic guardian rushes to your aid.
                  | [demonic ancestry]
    38 | D        | Reached XP level 23. HP: 227/262 MP: 22/54
    40 | D        | Noticed a destroyer
    40 | D        | Killed a destroyer
    42 | D        | Killed a destroyer
    42 | D        | Gained mutation: You are extremely robust. (+30% HP)
                  | [demonic ancestry]
    42 | D        | Reached XP level 24. HP: 262/295 MP: 23/54
    43 | D        | Noticed a destroyer
    43 | D        | Noticed a destroyer
    48 | D        | Killed a destroyer
    49 | D        | Noticed a destroyer
    50 | D        | Noticed a destroyer
    51 | D        | Noticed a destroyer
    51 | D        | Noticed a destroyer
    51 | D        | Noticed an accursed
    52 | D        | Noticed a destroyer
    53 | D        | Killed an accursed
    53 | D        | Reached XP level 25. HP: 218/304 MP: 28/54
    53 | D        | Killed a destroyer
    54 | D        | Noticed a destroyer
    56 | D        | Killed a destroyer
    56 | D        | Reached XP level 26. HP: 105/314 MP: 30/54
    57 | D        | Killed a destroyer
    58 | D        | Killed a destroyer
    58 | D        | Noticed an accursed
    60 | D        | Noticed a destroyer
    62 | D        | Gained mutation: A powerful demonic guardian rushes to your
                  | aid. [demonic ancestry]
    62 | D        | Reached XP level 27. HP: 323/323 MP: 31/54
    64 | D        | Killed a destroyer
    65 | D        | Killed a destroyer
    65 | D        | Killed a destroyer
    68 | D        | Killed an accursed
    69 | D        | Killed a destroyer
    69 | D        | Noticed a destroyer
    72 | D        | Killed a destroyer
    80 | D        | Noticed a destroyer
    82 | D        | Killed a destroyer
    93 | D        | Noticed a tyrant
    94 | D        | Noticed a meat beast
    96 | D        | Noticed an accursed
    96 | D        | Killed a meat beast
    97 | D        | Noticed an accursed
    98 | D        | Noticed a destroyer
    99 | D        | Noticed a meat beast
   101 | D        | Killed an accursed
   102 | D        | Killed a meat beast
   103 | D        | Killed a destroyer
   103 | D        | Noticed a destroyer
   103 | D        | Noticed a tyrant
   104 | D        | Noticed an accursed
   105 | D        | Killed an accursed
   106 | D        | Noticed a fleshlord
   106 | D        | Noticed a fleshlord
   107 | D        | Killed a fleshlord
   108 | D        | Killed a destroyer
   110 | D        | Noticed a destroyer
   110 | D        | Killed a tyrant
   111 | D        | Killed an accursed
   111 | D        | Noticed a fleshlord
   112 | D        | Killed a tyrant
   114 | D        | Killed a destroyer
   116 | D        | Killed a fleshlord
   116 | D        | Killed a fleshlord
   116 | D        | Noticed an accursed
   118 | D        | Noticed a large bag of meat
   120 | D        | Killed an accursed
   121 | D        | Killed a large bag of meat
   128 | D        | Noticed an accursed
   130 | D        | Killed an accursed
   132 | D        | Noticed a destroyer
   135 | D        | Killed a destroyer
   138 | D        | Noticed a tyrant
   142 | D        | Killed a tyrant
   142 | D        | Noticed a meat beast
   144 | D        | Killed a meat beast
   151 | D        | Noticed a destroyer
   153 | D        | Killed a destroyer
   158 | D        | Noticed a tyrant
   159 | D        | Noticed a destroyer
   161 | D        | Noticed a tyrant
   161 | D        | Noticed an accursed
   162 | D        | Got out of the dungeon alive.

Skill      XL: |  1  2  3  4  5  6  7  8  9 10 11 12 13 14 15 16 17 18 19 20 21 22 |
---------------+-------------------------------------------------------------------+-----
Fighting       | 13 15 17 19 21 24 27 | 27.0
Axes           | 16 19 21 23 26 27 | 27.0
Armour         | 12 14 16 17 20 22 25 27 | 27.0
Dodging        | 12 14 16 18 20 22 25 27 | 27.0
Stealth        | 14 22 27 | 27.0
Spellcasting   | 13 21 27 | 27.0
Invocations    | 17 27 | 27.0
Throwing       | 16 24 27 | 27.0
Unarmed Combat | 16 24 27 | 27.0

Action                   |  1- 3 |  4- 6 |  7- 9 | 10-12 | 13-15 | 16-18 | 19-21 | 22-24 | 25-27 || total
-------------------------+-------+-------+-------+-------+-------+-------+-------+-------+-------++-------
Melee: Executioner's axe |     1 |       |       |     1 |     4 |     6 |     6 |    11 |    62 ||    91
Invok: Greater Servant o |       |       |       |       |       |       |     1 |       |     1 ||     2
  Use: Potion            |       |       |       |       |       |       |       |       |     1 ||     1
 Stab: Distracted        |       |       |       |       |       |       |       |       |     3 ||     3
Armor: Leather armour    |       |       |       |       |       |       |       |       |     1 ||     1
Dodge: Dodged            |       |       |       |       |       |       |     1 |       |     9 ||    10
